 Dungeon Crawl Stone Soup version 0.17.0-73-gb648821 (webtiles) character file.

74 musteatbrain the Skirmisher (level 4, -4/37 HPs)
             Began as a Demonspawn Fighter on Dec 9, 2015.
             Killed by nerve-wracking pain
             ... invoked by asdu's ghost
              (13 damage)
             ... on level 3 of the Dungeon.
             The game lasted 00:02:13 (1662 turns).

musteatbrain the Skirmisher (Demonspawn Fighter)    Turns: 1662, Time: 00:02:13

Health: -4/37      AC:  7    Str: 21    XL:     4   Next: 9%
Magic:  4/4        EV:  7    Int: 10    God:
Gold:   111        SH:  9    Dex: 13    Spells: 0 memorised, 3 levels left

rFire  . . .     SeeInvis .     a - +0 war axe
rCold  . . .     Clarity  .     b - +0 scale mail
rNeg   . . .     SustAt   .     c - +0 shield
rPois  .         Gourm    +     (no helmet)
rElec  .         Spirit   .     (no cloak)
rCorr  .         Warding  .     (no gloves)
rMut   .         Stasis   .     (no boots)
MR     .....                    k - amulet of the gourmand
Stlth  ..........               (no ring)
                                (no ring)

@: mighty, not resistant to hostile enchantments, extremely unstealthy
A: claws 1, rugged brown scales 1
a: no special abilities


You were on level 3 of the Dungeon.
You were hungry.

You visited 1 branch of the dungeon, and saw 3 of its levels.

You collected 111 gold pieces.

Inventory:

Hand Weapons
 a - a +0 war axe (weapon)
Armour
 b - a +0 scale mail (worn)
 c - a +0 shield (worn)
Jewellery
 k - an amulet of the gourmand (around neck)
 l - a cursed -3 ring of dexterity {unknown}
Scrolls
 g - 2 scrolls of identify {unknown}
 i - a scroll of fog {unknown}
 m - 2 scrolls of teleportation {unknown}
 o - a scroll of remove curse {unknown}
 p - a scroll of random uselessness {unknown}
 q - 2 scrolls of noise {unknown}
Potions
 f - a potion of agility {unknown}
 h - a potion of curing {unknown}
 j - 2 potions of degeneration {unknown}
 n - 2 potions of flight {unknown}
Comestibles
 e - 3 bread rations


   Skills:
 + Level 3.6 Fighting
 + Level 2.3 Axes
 + Level 3.2 Armour
 + Level 1.2 Dodging
 - Level 2.9 Shields


You had 3 spell levels left.
You didn't know any spells.

Dungeon Overview and Level Annotations

Branches:
Dungeon (3/15)

Altars:

Annotations:
D:3 asdu's ghost, amateur GrNe


Innate Abilities, Weirdness & Mutations

You have sharp fingernails.
You are partially covered in rugged brown scales (AC +1, +3% HP).


Message History

You closely miss asdu's ghost. Asdu's ghost casts a spell at you.
Pain shoots through your body!
You feel a craving for the dungeon's cuisine.
k - an amulet of the gourmand (around neck) Asdu's ghost hits you.
* * * LOW HITPOINT WARNING * * *
You feel very mighty all of a sudden.
Asdu's ghost points at you and mumbles some strange words.
Pain shoots through your body!
* * * LOW HITPOINT WARNING * * *
Your shield prevents you from hitting asdu's ghost.
Asdu's ghost closely misses you.
You closely miss asdu's ghost. Asdu's ghost closely misses you.
You block asdu's ghost's attack.
You hit asdu's ghost.
Asdu's ghost is moderately damaged.
Asdu's ghost casts a spell at you. Pain shoots through your body!
You die...

#.# #.#.# ..
#.# #.#.# #.#
#.#.# #.#
#...# #.#
#.>## #.#
##.#.#######.
#.###........
##.#.########
#.@##
......$.W..#
#..###.###.#
# .. .# ...
.. ###. .# #.
# #.


You could see asdu's ghost.

Vanquished Creatures
  3 adders (D:2)
  An ooze (D:2)
  A worm (D:2)
  A giant gecko (D:1)
  3 giant cockroaches
  5 hobgoblins
  2 kobolds (D:1)
  8 bats
  A giant newt (D:1)
  4 goblins (D:1)
  3 jackals (D:1)
  6 rats
38 creatures vanquished.

Notes
Turn   | Place    | Note
--------------------------------------------------------------
     0 | D:1      | musteatbrain the Demonspawn Fighter began the quest for the Orb.
     0 | D:1      | Reached XP level 1. HP: 18/18 MP: 1/1
   219 | D:1      | Gained mutation: You have sharp fingernails. [demonic ancestry]
   219 | D:1      | Reached XP level 2. HP: 21/24 MP: 2/2
  1048 | D:2      | Gained mutation: You are partially covered in rugged brown scales (AC +1, +3% HP). [demonic ancestry]
  1048 | D:2      | Reached XP level 3. HP: 24/29 MP: 3/3
  1222 | D:2      | Reached skill level 1 in Dodging
  1425 | D:2      | Reached XP level 4. HP: 29/37 MP: 4/4
  1652 | D:3      | Noticed asdu's ghost (amateur GrNe)
  1662 | D:3      | Killed from afar by asdu's ghost

Action                   |  1- 3 |  4- 6 || total
-------------------------+-------+-------++-------
Melee: War axe           |   118 |    15 ||   133
  Use: Potion            |       |     1 ||     1
  Eat: Chunk             |     2 |       ||     2
